 Dungeon Crawl Stone Soup version 0.27-a0-1555-g0e7b3fb1d2 (webtiles) character file.

Game seed: 7820956692635802560

4311 night the Destroyer (level 9, 0/62 HPs)
             Began as a Demigod Conjurer on July 14, 2021.
             Slain by a steam dragon (9 damage)
             ... on level 8 of the Dungeon.
             The game lasted 00:19:46 (8951 turns).

night the Destroyer (Demigod Conjurer)              Turns: 8951, Time: 00:19:47

Health: 0/62       AC:  4    Str:  8    XL:     9   Next: 87%
Magic:  8/24       EV: 12    Int: 32    God:
Gold:   296        SH:  0    Dex: 12    Spells: 12/23 levels left

rFire    . . .     SeeInvis .   B - +11 rapier of Diup {vorpal, rElec rPois rC- Stlth+}
rCold    x . .     Faith    .   (no shield)
rNeg     . . .     Spirit   .   c - +0 robe
rPois    +         Reflect  .   d - +1 hat
rElec    +         Harm     .   (no cloak)
rCorr    .         Rampage  .   (no gloves)
Will     .....                  u - +0 pair of boots
Stlth    +++.......             (no amulet)
HPRegen  0.20/turn              h - ring of flight
MPRegen  0.19/turn              E - +4 ring of slaying

@: flying
A: high mp 1, forlorn
a: no special abilities


You were on level 8 of the Dungeon.
You visited 1 branch of the dungeon, and saw 8 of its levels.

You collected 365 gold pieces.
You spent 69 gold pieces at shops.

Inventory:

Hand Weapons
 a - a +1 whip of electrocution
 g - a +1 dagger of venom
 s - a +0 dagger of electrocution
 w - a +2 whip of draining
 B - the +11 rapier of Diup (weapon) {vorpal, rElec rPois rC- Stlth+}
   (You found it on level 6 of the Dungeon)

   It inflicts extra damage upon your enemies.
   rC:        It makes you vulnerable to cold.
   rElec:     It insulates you from electricity.
   rPois:     It protects you from poison.
   Stlth:     It makes you more stealthy.
Missiles
 f - 87 stones
 k - 162 arrows
 l - 127 bolts
 m - 36 poisoned darts (quivered)
 o - 2 boomerangs
 x - 3 throwing nets
 D - 28 sling bullets
Armour
 c - a +0 robe (worn)
 d - a +1 hat (worn)
 u - a +0 pair of boots (worn)
Magical Staves
 b - a staff of conjuration
Jewellery
 h - a ring of flight (left hand)
 p - a ring of see invisible
 z - a ring of protection from cold
 C - a ring of resist corrosion
 E - a +4 ring of slaying (right hand)
Wands
 G - a wand of iceblast (6)
Scrolls
 e - 2 scrolls of amnesia
 q - a scroll of identify
 v - a scroll of blinking
 y - a scroll of fog
 A - a scroll of fear
 F - a scroll of teleportation
Potions
 i - 2 potions of invisibility
 j - 2 potions of mutation
 n - a potion of berserk rage
 r - 2 potions of lignification
 t - 2 potions of curing
 H - a potion of heal wounds {unknown}


   Skills:
 + Level 5.3 Short Blades
 - Level 3.9 Maces & Flails
 - Level 1.7 Dodging
 - Level 1.7 Stealth
 + Level 7.7 Spellcasting
 + Level 9.0 Conjurations
 - Level 0.4 Evocations


You had 12 spell levels left.
You knew the following spells:

 Your Spells              Type           Power      Damage    Failure   Level
a - Magic Dart            Conj           100%       1d8       1%          1
b - Searing Ray           Conj           100%       3d7       1%          2
c - Iskenderun's Mystic   Conj/Tloc      41%        2d9       6%          4
d - Fulminant Prism       Conj/Hex       20%        3d13      6%          4

Your spell library contained the following spells:

 Spells                   Type           Power      Damage    Failure   Level
 Dazzling Flash           Conj/Hex       82%        N/A       1%          3
 Animate Skeleton         Necr           24%        N/A       3%          1
 Apportation              Tloc           24%        N/A       3%          1
 Corona                   Hex            13%        N/A       3%          1
 Summon Small Mammal      Summ           48%        N/A       3%          1
 Blink                    Tloc           N/A        N/A       6%          2
 Slow                     Hex            12%        N/A       6%          2
 Call Canine Familiar     Summ           12%        N/A       12%         3
 Confusing Touch          Hex            12%        N/A       12%         3
 Lesser Beckoning         Tloc           6%         N/A       12%         3
 Summon Guardian Golem    Hex/Summ       12%        N/A       12%         3
 Vampiric Draining        Necr           6%         2d6       12%         3
 Conjure Ball Lightning   Conj/Air       20%        3x3d6     67%         6
 Manifold Assault         Tloc           12%        N/A       71%         5
 Yara's Violent Unravell  Hex/Tmut       6%         3d5       71%         5
 Discord                  Hex            6%         N/A       100%        8
 Disjunction              Tloc           6%         N/A       100%        8


Dungeon Overview and Level Annotations

Branches:
Dungeon (8/15)             Temple (0/1) D:7
   Lair: D:8-11

Shops:
D:6 *


Innate Abilities, Weirdness & Mutations

Your attributes grow dramatically as you level up.
You have an increased reservoir of magic. (+10% MP)
You shall have no god before yourself.


Message History

The orc warrior closely misses you.
That's the wrong kind of item! (Use * to select it.) Evoke which item? (* to show all) (? for menu, Esc to quit)
Okay, then.
A steam dragon comes into view.
The orc warrior barely misses you.
The steam dragon hisses angrily.
You puncture the orc warrior!
The orc warrior is almost dead.
The orc warrior hits you with a +0 halberd!
You hit the orc warrior but do no damage.
The orc warrior is almost dead.
The orc warrior barely misses you.
You hit the orc warrior.
You kill the orc warrior!
The steam dragon bites you.
The steam dragon claws you but does no damage.
Casting: Magic Dart (safe; 1% risk of failure)
Confirm with . or Enter, or press ? or * to list all spells.
Aiming: Searing Ray (safe; 1% risk of failure)
Press: ? - help, Shift-Dir - straight line, f - steam dragon
Aim: a steam dragon (83% to hit)
The searing ray hits the steam dragon!
The steam dragon is moderately wounded. (Press . to maintain the ray.)
The steam dragon bites you! The steam dragon barely misses you.
The searing ray hits the steam dragon!
The steam dragon is heavily wounded.
The steam dragon breathes steam at you. The ball of steam hits you!!
The searing ray hits the steam dragon!
The steam dragon is almost dead.
You are engulfed in a cloud of scalding steam.
* * * LOW HITPOINT WARNING * * *
The steam dragon bites you!
* * * LOW HITPOINT WARNING * * *
The steam dragon claws you.
* * * LOW HITPOINT WARNING * * *
The steam dragon bites you!
You die...

o.# .. ####
.o # ###.<# ^
.#. #...ยง#
.#....
##.D@##......
##..))......
#...........
##.....#....
#......# ...
#......#
##...(..
..#.....
#.......##


You could see a steam dragon (catching breath).

Vanquished Creatures
  Harold (D:7)
  Pikel (D:7)
  2 water moccasins
  An orc warrior (D:8)
  A black bear (D:5)
  An ice beast (D:7)
  2 sky beasts
  A hornet zombie (D:5)
  3 necrophages
  3 ogres
  3 centaurs
  2 phantoms (D:5)
  A lemure (D:7)
  Blork the orc (D:5)
  2 bullfrogs (D:7)
  A water moccasin zombie (D:6)
  5 scorpions
  3 killer bees (D:7)
  2 centaur zombies
  5 hounds
  A jelly (D:4)
  A bullfrog zombie (D:5)
  3 orc priests
  A centaur skeleton (D:4)
  A gnoll shaman (D:5)
  An iguana (D:6)
  An orc wizard (D:6)
  Robin (D:2)
  A howler monkey zombie (D:7)
  5 gnolls (D:5)
  9 adders
  2 river rats (D:3)
  A white imp (D:5)
  4 ufetubi
  4 worms
  5 dart slugs
  18 orcs
  2 ball pythons
  11 endoplasms
  3 giant cockroaches
  10 goblins
  6 hobgoblins
  13 jackals
  8 kobolds
  9 quokkas
  8 bats
  6 frilled lizards
  8 rats
184 creatures vanquished.

Vanquished Creatures (others)
  6 fulminant prisms
6 creatures vanquished.

Grand Total: 190 creatures vanquished

Notes
Turn   | Place    | Note
-------+----------+-------------------------------------------
     0 | D:1      | night the Demigod Conjurer began the quest for the Orb.
     0 | D:1      | Reached XP level 1. HP: 14/14 MP: 5/5
    16 | D:1      | HP: 1/14 [dart slug/slug dart (6)]
   364 | D:1      | Reached skill level 2 in Spellcasting
   399 | D:1      | Reached XP level 2. HP: 20/20 MP: 0/7
   646 | D:1      | Learned a level 2 spell: Searing Ray
   707 | D:1      | Reached skill level 4 in Conjurations
  1251 | D:1      | Reached XP level 3. HP: 26/26 MP: 5/9
  2020 | D:2      | Noticed Robin
  2030 | D:2      | Killed Robin
  2031 | D:2      | Reached XP level 4. HP: 25/33 MP: 5/11
  2614 | D:3      | Reached XP level 5. HP: 25/38 MP: 13/13
  2620 | D:3      | Reached skill level 5 in Conjurations
  3887 | D:4      | Identified a scroll of acquirement
  3887 | D:4      | Acquired a staff of conjuration
  4078 | D:4      | Reached XP level 6. HP: 45/45 MP: 8/15
  4154 | D:4      | Learned a level 4 spell: Iskenderun's Mystic Blast
  4159 | D:4      | Learned a level 4 spell: Fulminant Prism
  4932 | D:5      | Entered Level 5 of the Dungeon
  4952 | D:5      | Reached skill level 1 in Maces & Flails
  5206 | D:5      | Reached skill level 6 in Conjurations
  5206 | D:5      | Reached XP level 7. HP: 50/50 MP: 9/17
  5343 | D:5      | Reached skill level 2 in Maces & Flails
  5345 | D:5      | Reached skill level 5 in Spellcasting
  5854 | D:5      | Noticed Blork the orc
  5857 | D:5      | Killed Blork the orc
  6024 | D:5      | Reached XP level 8. HP: 54/57 MP: 15/20
  6251 | D:5      | Reached skill level 7 in Conjurations
  6569 | D:6      | Identified the +11 rapier of Diup {vorpal, rElec rPois rC-
                  | Stlth+}
  6720 | D:6      | Reached skill level 1 in Short Blades
  6861 | D:6      | Reached skill level 2 in Short Blades
  7059 | D:6      | Found Jeru's Assorted Antiques.
  7067 | D:6      | Bought a bubbling coppery potion for 22 gold pieces
  7067 | D:6      | Bought a scroll labelled NATUJYAVUORGH for 25 gold pieces
  7067 | D:6      | Bought a smoky emerald potion for 22 gold pieces
  7544 | D:7      | Noticed Pikel
  7553 | D:7      | Killed Pikel
  7554 | D:7      | Reached skill level 8 in Conjurations
  7554 | D:7      | Reached XP level 9. HP: 44/62 MP: 12/23
  7989 | D:7      | Noticed Harold
  7999 | D:7      | Killed Harold
  8022 | D:7      | Reached skill level 5 in Short Blades
  8153 | D:7      | Found a staircase to the Ecumenical Temple.
  8694 | D:7      | Reached skill level 9 in Conjurations
  8950 | D:8      | HP: 9/62 [steam dragon (1)]
  8951 | D:8      | Slain by a steam dragon

Illustrated notes

Levels and vault maps discovered:
D:1:      amcnicky_arrival_choice, layout_rooms,
          shapermc_ecumenical_altar_totnotflames, kennysheep_small_spiral,
          minivault_23, minmay_pentomino_v2
D:2:      layout_basic, basic_altar, amcnicky_mini_pool_small, uniq_robin
D:3:      minmay_evil_eye, layout_rooms, mainiacjoe_overflow_24_doors,
          general_overflow_altar, gup_sewer_entry_bubbles,
          minmay_misc_feat_nine_boxes
D:4:      layout_basic, amethyst_overflow_temple_binary
D:5:      layout_gridville, uniq_blork_the_orc
D:6:      layout_rooms, serial_shops, nicolae_shop_statue_plus
D:7:      layout_basic, lemuel_coloured_pillars_altar,
          minmay_temple_entry_trees, uniq_pikel, uniq_harold
D:8:      layout_cave_pools, ashenzari_conservatory_becter, erik_lair_dragon,
          uniq_joseph

Skill      XL: |  1  2  3  4  5  6  7  8  9 |
---------------+----------------------------+-----
Spellcasting   | 2 3 4 5 6 7 |  7.7
Conjurations   | 4 5 6 8 9 |  9.0
Maces & Flails | 1 3 |  3.9
Short Blades   | 3 5 |  5.3
Dodging        | |  1.7
Stealth        | |  1.7
Evocations     | |  0.4

Action                   |  1- 3 |  4- 6 |  7- 9 || total
-------------------------+-------+-------+-------++-------
Melee: Dagger            |    41 |    12 |       ||    53
       Unarmed           |     3 |       |       ||     3
       Staff             |       |    24 |     3 ||    27
       Whip              |       |     6 |       ||     6
       Rapier            |       |       |    38 ||    38
Throw: Dart              |       |       |     9 ||     9
 Cast: Magic Dart        |    56 |    79 |   111 ||   246
       Searing Ray       |     8 |    18 |    30 ||    56
       Fulminant Prism   |       |     3 |     3 ||     6
       Iskenderun's Myst |       |       |     7 ||     7
  Use: Scroll            |       |    10 |     6 ||    16
       Potion            |       |     2 |     2 ||     4
 Stab: Sleeping          |       |       |     1 ||     1
Armor: Robe              |     8 |    14 |    19 ||    41
Dodge: Dodged            |    31 |    42 |    44 ||   117

Table legend: (Time is in decaauts)
 A = Elapsed time spent in this place.
 B = Non-inter-level travel time spent in this place.
 C = Inter-level travel time spent in this place.
 D = Time resting spent in this place.
 E = Time spent auto-exploring this place.
 F = Levels seen in this place.
 G = Mean time per level.
                   A        B        C        D        E       F      G
               +--------+--------+--------+--------+--------+-----+--------+
         Total |   8931 |   8707 |    224 |    978 |   6630 |   8 | 1116.4 |
       Dungeon |   8931 |   8707 |    224 |    978 |   6630 |   8 | 1116.4 |
               +--------+--------+--------+--------+--------+-----+--------+

Top non-repeatable levels by time:
     D:5: 1611 daAuts
     D:7: 1540 daAuts
     D:1: 1471 daAuts
     D:4: 1431 daAuts
     D:3: 1195 daAuts
     D:6: 836 daAuts
     D:2: 815 daAuts
     D:8: 29 daAuts
